 Dungeon Crawl Stone Soup version 0.31.0-11-ge490571c62 (webtiles) character file.

Game seed: 1207016797589137226

207 qw the Ducker (level 5, 0/28 HPs)
             Began as a Spriggan Hunter on Feb 4, 2024.
             Slain by Edmund
             ... wielding a +2 flail of protection
              (4 damage)
             ... on level 4 of the Dungeon.
             The game lasted 00:01:16 (2272 turns).

qw the Ducker (Spriggan Hunter)                     Turns: 2272, Time: 00:01:17

Health: 0/28       AC:  4    Str:  7    XL:     5   Next: 54%
Magic:  6/6        EV: 21    Int: 10    God:
Gold:   166        SH:  0    Dex: 21    Spells: 4/4 levels left

rFire   . . .        j - +1 orcbow
rCold   . . .        (shield currently unavailable)
rNeg    . . .        c - +0 robe
rPois   .            (helmet restricted)
rElec   .            i - +1 cloak
rCorr   .            (gloves unavailable)
SInv    +            (boots unavailable)
Will    .....        (no amulet)
Stlth   ++           (no ring)
HPRegen 0.24/turn    (no ring)
MPRegen 0.10/turn

%: no passive effects
@: very quick
A: very small, no large weapons, unfitting armour, see invisible, speed 3
a: no special abilities


You were on level 4 of the Dungeon.
You visited 1 branch of the dungeon, and saw 4 of its levels.

You collected 166 gold pieces.


Innate Abilities, Weirdness & Mutations

You are very small and have problems with some larger weapons.
You are too small for most types of armour.
You have supernaturally acute eyesight. (SInv)
You cover ground extremely quickly. (Speed+++)


   Skills:
 - Level 2.9 Fighting
 + Level 5.0 Ranged Weapons
 - Level 5.3 Dodging
 - Level 1.5 Stealth


You had 4 spell levels left.
You didn't know any spells.
Your spell library was empty.

Inventory:

Hand Weapons
 j - a +1 orcbow (weapon)
Armour
 c - a +0 robe (worn)
 i - a +1 cloak (worn)
Potions
 a - a potion of ambrosia {unknown}
 b - a potion of might {unknown}
 d - a potion of resistance {unknown}
 e - a potion of curing {unknown}
 f - a potion of brilliance {unknown}
 g - a potion of attraction {unknown}

Dungeon Overview and Level Annotations

Branches:
Dungeon (4/15)
 Temple: D:4-7

Altars:
Qazlal

Annotations:
D:4 Edmund


Message History

A dart slug comes into view.
You shoot an arrow.
The arrow hits Edmund but does no damage.
Edmund is heavily wounded.
Edmund hits you with a +2 flail of protection!
You shoot an arrow. The arrow closely misses Edmund.
The arrow hits the dart slug.
The dart slug is heavily wounded.
Edmund hits you with a +2 flail of protection.
You shoot an arrow. The arrow hits Edmund!
Edmund is severely wounded.
Edmund misses you. x2
You shoot an arrow. The arrow barely misses Edmund.
The arrow completely misses the dart slug.
Edmund misses you.
You shoot an arrow.
The arrow hits Edmund but does no damage.
Edmund is severely wounded.
Edmund barely misses you.
You shoot an arrow. The arrow closely misses Edmund.
The arrow hits the dart slug but does no damage.
The dart slug is heavily wounded.
Edmund barely misses you.
You shoot an arrow. The arrow barely misses Edmund.
Edmund closely misses you.
Edmund hits you with a +2 flail of protection.
You shoot an arrow. The arrow barely misses Edmund.
Edmund closely misses you.
You shoot an arrow.
The arrow hits Edmund but does no damage.
Edmund is severely wounded.
Edmund hits you with a +2 flail of protection.
You shoot an arrow. The arrow hits Edmund.
Edmund is severely wounded.
Edmund closely misses you.
You shoot an arrow. The arrow closely misses Edmund.
Edmund completely misses you.
Edmund hits you with a +2 flail of protection.
You die...
Edmund says, "That'll show my brother!"

.. .......... ..
#...........# ... ###
#.###.##.... .....#.
... ........#.... ...
...##.###.###.##....##
...
#.#...........#.#.##
...#.)w##.###.##...#.#
#.#.#@#%......#.#.###
...#.@.##.##...#...##
#.#.#.#...#.#.#.#..##
#...#...#...#...#...#
#.#.#.#...#.#.#.#..##
...#.$.##.##...#....##
#.#.#.#.......#.#.#...#
#.#...##.###.##...#..##
# #.#...........#.##.#
...##.###.###.##..#.#


You could see Edmund and a dart slug.

Vanquished Creatures
  A centaur (D:3)
  An orc priest (D:3)
  2 adders
  2 ribbon worms (D:2)
  2 dart slugs (D:1)
  8 orcs (D:3)
  3 ball pythons
  5 endoplasms
  3 giant cockroaches
  6 goblins
  3 hobgoblins
  6 jackals
  6 quokkas
  A bat (D:1)
  3 frilled lizards
  2 kobolds
  10 rats
64 creatures vanquished.

Notes
Turn   | Place    | Note
-------+----------+-------------------------------------------
     0 | D:1      | qw the Spriggan Hunter began the quest for the Orb.
     0 | D:1      | Reached XP level 1. HP: 10/10 MP: 2/2
     0 | D:1      | 0 ||| qw: Version: 0.3-a-160-g6735b56
     0 | D:1      | 0 ||| qw: Game counter: 5944
     0 | D:1      | 0 ||| qw: Melee chars always use a shield: true
     0 | D:1      | 0 ||| qw: God list: Okawaru
     0 | D:1      | 0 ||| qw: Allow faded altars: false
     0 | D:1      | 0 ||| qw: Do Orc after clearing Dungeon:15 true
     0 | D:1      | 0 ||| qw: Do second Lair branch before Depths: true
     0 | D:1      | 0 ||| qw: Lair rune preference: random
     0 | D:1      | 0 ||| qw: Goals: Normal
     0 | D:1      | 0 ||| PLANNING D:1-11
    54 | D:1      | Reached skill level 3 in Dodging
   100 | D:1      | Reached XP level 2. HP: 14/14 MP: 3/3
   393 | D:1      | 393 ||| UPGRADING to +0 cloak.
   398 | D:1      | 398 ||| READING scroll labelled PEOHEDUOCS.
   398 | D:1      | 398 ||| ENCHANTING +0 cloak.
   399 | D:1      | 399 ||| READING 2 scrolls labelled GAUGADW USHRAH.
   400 | D:1      | 400 ||| READING scroll labelled KIMYUCEAWNI.
   400 | D:1      | 400 ||| IDENTIFYING scroll labelled REMENYBE VUUF
   400 | D:1      | Identified a scroll of acquirement
   401 | D:1      | 401 ||| READING scroll of acquirement.
   401 | D:1      | 401 ||| ACQUIRING +0 shortbow of freezing
   401 | D:1      | Acquired a +0 shortbow of freezing
   403 | D:1      | 403 ||| SWAPPING to +0 shortbow of freezing.
   404 | D:1      | 404 ||| DROPPING +0 shortbow.
   405 | D:1      | 405 ||| READING scroll labelled IWNIQU SACONEN.
   406 | D:1      | 406 ||| DROPPING scroll of butterflies.
   407 | D:1      | 407 ||| DROPPING scroll of immolation.
   482 | D:2      | Reached XP level 3. HP: 18/18 MP: 4/4
   989 | D:2      | 989 ||| READING scroll labelled UMINIUCLUPH.
  1090 | D:2      | 1090 ||| READING scroll labelled BAREMED UCSE.
  1229 | D:3      | Reached XP level 4. HP: 9/22 MP: 5/5
  1647 | D:3      | Found a faded altar of an unknown god.
  1676 | D:3      | Noticed a centaur
  1685 | D:3      | Killed a centaur
  1686 | D:3      | Reached XP level 5. HP: 13/28 MP: 6/6
  1758 | D:3      | 1758 ||| SWAPPING to +0 orcbow.
  1759 | D:3      | 1759 ||| DROPPING +0 shortbow of freezing.
  1877 | D:3      | Found a stormy altar of Qazlal.
  2106 | D:3      | 2106 ||| READING scroll labelled ZAZOICHAGA.
  2107 | D:3      | 2107 ||| READING scroll labelled QONIAGIVAA.
  2111 | D:3      | 2111 ||| READING scroll labelled MAROPI VUOR.
  2111 | D:3      | 2111 ||| ENCHANTING +0 orcbow.
  2251 | D:4      | Noticed Edmund
  2268 | D:4      | HP: 6/28 [Edmund/+2 flail of protection (3)]
  2272 | D:4      | Slain by Edmund

Levels and vault maps discovered:
D:1:      eino_arrival_water_cross, layout_rooms, minmay_ruptured
D:2:      layout_basic, grunt_ministairs_4
D:3:      layout_basic, lemuel_doored_altar, serial_bayou, serial_bayou_pond_d,
          serial_bayou_lake_a, serial_bayou_shore_b, serial_bayou_shore_b,
          serial_bayou_shore_b, serial_bayou_crossing,
          ebering_ecumenical_altar_hall
D:4:      layout_cave_pools, lemuel_tele_altar,
          nicolae_concentric_dashed_squares_mild, minmay_three_crescents,
          uniq_edmund

Skill      XL: |  1  2  3  4 |
---------------+-------------+-----
Dodging        | 3 4 5 |  5.3
Ranged Weapons | 5 |  5.0
Fighting       | 2 |  2.9
Stealth        | |  1.5

Action                     |  1- 3 |  4- 6 || total
---------------------------+-------+-------++-------
   Fire: Shortbow          |   109 |    66 ||   175
         Orcbow            |       |    23 ||    23
    Use: Scroll            |     7 |     3 ||    10
 Armour: Robe              |    12 |    22 ||    34
  Dodge: Dodged            |    31 |    79 ||   110

Table legend:
 A = Non-vault XP
 B = Vault XP
 C = Vault XP percentage of total XP
 D = Non-vault monster count
 E = Vault monster count
 F = Vault count percentage of total count
                 A         B        C        D         E       F
            +---------+---------+-------+---------+---------+-------
      Total |     289 |       7 |   2.4 |      59 |       5 |   7.8
            +---------+---------+-------+---------+---------+-------
        D:1 |      28 |       4 |  12.5 |      16 |       3 |  15.8
        D:2 |      56 |       3 |   5.1 |      21 |       2 |   8.7
        D:3 |     202 |       0 |   0.0 |      20 |       0 |   0.0
        D:4 |       3 |       0 |   0.0 |       2 |       0 |   0.0
            +---------+---------+-------+---------+---------+-------
